 Dungeon Crawl Stone Soup version 0.18-a0-316-gf882de5 (webtiles) character file.

254 Raultor the Insei (level 6, -6/38 HPs)
             Began as an Octopode Transmuter on Nov 27, 2015.
             Mangled by a phantom (7 damage)
             ... on level 4 of the Dungeon.
             The game lasted 00:08:22 (2647 turns).

Raultor the Insei (Octopode Transmuter)             Turns: 2647, Time: 00:08:22

Health: -6/38      AC:  7    Str: 11    XL:     6   Next: 15%
Magic:  18/18      EV: 12    Int: 15    God:
Gold:   169        SH:  0    Dex: 13    Spells: 2 memorised, 5 levels left

rFire  . . .     SeeInvis .       - Unarmed
rCold  . . .     Clarity  .     (no shield)
rNeg   . . .     SustAt   .     (helmet restricted)
rPois  .         Gourm    .     (no amulet)
rElec  .         Spirit   .     e - +6 ring of protection
rCorr  .         Warding  .     p - ring of magical power
rMut   .         Stasis   .     r - ring of flight
MR     .....                    (no ring)
Stlth  ++........               (no ring)
                                (no ring)
                                (no ring)
                                (no ring)

@: not resistant to hostile enchantments, unstealthy
A: almost no armour, amphibious, 8 rings, constrict 8, camouflage 1, gelatinous
body 1
a: Evoke Flight


You were on level 4 of the Dungeon.
You were hungry.

You visited 1 branch of the dungeon, and saw 4 of its levels.

You collected 169 gold pieces.

Inventory:

Missiles
 a - 12 arrows
Jewellery
 e - a +6 ring of protection (left tentacle)
 p - a ring of magical power (right tentacle)
 r - a ring of flight (on tentacle)
Scrolls
 f - a scroll of enchant weapon {unknown}
 g - 2 scrolls of immolation {unknown}
 m - a scroll of blinking {unknown}
 o - a scroll of fog {unknown}
 q - a scroll of identify {unknown}
 s - a scroll of teleportation {unknown}
 t - a scroll of enchant armour {unknown}
 u - a scroll of random uselessness {unknown}
Potions
 k - a potion of cancellation {unknown}
 l - a potion of heal wounds {unknown}
 v - a potion of berserk rage {unknown}
Books
 b - a book of Changes

   Spells                             Type                      Level
   a - Beastly Appendage              Transmutation                1
   b - Sticks to Snakes               Transmutation                2
   c - Spider Form                    Transmutation/Poison         3
   d - Ice Form                       Ice/Transmutation            4
   e - Blade Hands                    Transmutation                5
Comestibles
 c - 4 bread rations
 h - 2 royal jellies
 i - 2 slices of pizza
 n - 4 fruits
 w - a meat ration


   Skills:
 - Level 1.0 Fighting
 - Level 2.0 Dodging
 + Level 6.4 Unarmed Combat
 - Level 2.0 Spellcasting
 + Level 2.5 Transmutations


You had 5 spell levels left.
You knew the following spells:

 Your Spells              Type           Power        Failure   Level  Hunger
a - Beastly Appendage     Trmt           #.....       10%         1    #......
b - Spider Form           Trmt/Pois      #.........   43%         3    ###....


Dungeon Overview and Level Annotations

Branches:
Dungeon (4/15)
 Temple: D:4-7

Altars:
Dithmenos
Fedhas

Annotations:
D:3 Sigmund


Innate Abilities, Weirdness & Mutations

You cannot wear most types of armour.
You are amphibious.
You can wear up to eight rings at the same time.
You can use your tentacles to constrict eight enemies at once.
Your skin changes colour to match your surroundings (Stealth).
Your rubbery body absorbs attacks (AC +1).


Message History

* * * LOW HITPOINT WARNING * * *
You feel sick.
Drink which item? (? for menu, Esc to quit)
You feel better. The phantom hits you.
* * * LOW HITPOINT WARNING * * *
You tentacle-slap the phantom but do no damage.
The phantom is severely damaged.
The phantom hits you.
* * * LOW HITPOINT WARNING * * *
You tentacle-slap the phantom but do no damage.
The phantom is severely damaged.
The phantom closely misses you.
You barely miss the phantom.
The phantom is severely damaged.
The phantom hits you.
* * * LOW HITPOINT WARNING * * *
You tentacle-slap the phantom.
The phantom is almost destroyed.
The phantom hits you!
You die...

... #.........(### ....
......#.#.... #.....###
#..........# #)......#
#..........#
.##.#....####..........#
.##....................#
.# #.....#.............#
.# #.....#........#^##
.###...........W@....#
.....................#
.....>†..............###
.....#..................
.....#####........#.#.##
.....##...###'#.....#.#
.....##...# #.#.#.#.# #
..........# #.#.#.......#
.†........###.#.#.#.#.#.#


You could see a phantom.

Vanquished Creatures
  A scorpion (D:4)
  A hound (D:4)
  Robin (D:2)
  5 adders
  2 worms
  5 giant geckos
  9 orcs (D:3)
  7 ball pythons
  5 giant cockroaches
  13 hobgoblins
  5 jackals
  A quokka (D:3)
  8 bats
  5 giant newts
  16 goblins
  8 kobolds
  5 rats
97 creatures vanquished.

Notes
Turn   | Place    | Note
--------------------------------------------------------------
     0 | D:1      | Raultor the Octopode Transmuter began the quest for the Orb.
     0 | D:1      | Reached XP level 1. HP: 13/13 MP: 3/3
   244 | D:1      | Reached XP level 2. HP: 18/18 MP: 5/5
   443 | D:1      | Reached skill level 4 in Unarmed Combat
   490 | D:1      | Reached XP level 3. HP: 23/23 MP: 6/6
  1049 | D:2      | Noticed Robin
  1068 | D:2      | Killed Robin
  1141 | D:2      | Reached XP level 4. HP: 15/28 MP: 7/7
  1208 | D:2      | Learned a level 3 spell: Spider Form
  1227 | D:2      | Reached skill level 5 in Unarmed Combat
  1577 | D:3      | Reached XP level 5. HP: 30/33 MP: 8/8
  1713 | D:3      | Found a blossoming altar of Fedhas.
  1928 | D:3      | Noticed Sigmund
  2319 | D:3      | Found a shadowy altar of Dithmenos.
  2518 | D:4      | Reached skill level 6 in Unarmed Combat
  2563 | D:4      | Noticed a phantom
  2584 | D:4      | Reached XP level 6. HP: 38/38 MP: 9/9
  2646 | D:4      | HP: 1/38 [phantom (3)]
  2647 | D:4      | Mangled by a phantom

Vault maps used:
D:1:      denvon_arrival_planthouse
D:2:      first_bread, uniq_robin
D:3:      fedhas_altar_3, nicolae_overflow_crystal_walls, uniq_sigmund
D:4:      lemuel_coloured_pillars_altar, old_standard_altar

Action                   |  1- 3 |  4- 6 || total
-------------------------+-------+-------++-------
Melee: Unarmed           |    99 |   151 ||   250
  Use: Potion            |       |     3 ||     3
 Stab: Sleeping          |     7 |     7 ||    14
  Eat: Chunk             |     1 |     4 ||     5
